General information
- name: BNet
- type: Ladder team game (AT/RT)
- host: Battle.net
- saver: BRUCEWILLISUSA
map: GoldRush
- players: 8
- length: 07:06
- speed: Fast
- version: 1.24 W3XP
- replay type: Public
» download(49 KB)
Players
team 1 (loser)
zibzob (
blue | 88 APM | 390 actions | 04:26)
1 Mountain King
1 Thunder Clap
» actions
| Assign group hotkey | 1 | |
| Basic commands | 1 | |
| Build / train | 15 | |
| Enter build submenu | 5 | |
| Enter hero's abilities submenu | 1 | |
| Right click | 276 | |
| Select / deselect | 73 | |
| Select group hotkey | 1 | |
| Use ability | 17 | |
390 total
» units
» buildings
| Blacksmith | 1 | |
| Altar of Kings | 1 | |
| Farm | 2 | |
| Barracks | 1 | |
5 total
» build order
00:50 Blacksmith
01:02 Altar of Kings
01:04 Farm
01:06 Barracks
01:21 Farm
Ageist (
orange | 44 APM | 194 actions | 04:23)
1 Demon Hunter
1 Immolation
» actions
| Assign group hotkey | 3 | |
| Basic commands | 1 | |
| Build / train | 20 | |
| Enter build submenu | 11 | |
| Enter hero's abilities submenu | 1 | |
| Right click | 47 | |
| Select / deselect | 53 | |
| Select group hotkey | 44 | |
| Use ability | 14 | |
194 total
» units
» buildings
| Moon Well | 2 | |
| Altar of Elders | 1 | |
| Ancient of War | 1 | |
| Ancient of Wonders | 1 | |
| Hunter's Hall | 1 | |
| Ancient Protector | 2 | |
8 total
» build order
00:04 Moon Well
00:07 Altar of Elders
01:00 Ancient of War
01:31 Moon Well
01:50 Ancient of Wonders
02:30 Hunter's Hall
03:52 Ancient Protector
03:57 Ancient Protector

»
tuesdaynight (
teal | 60 APM | 273 actions | 04:33)
1 Demon Hunter
1 Mana Burn
» actions
| Assign group hotkey | 11 | |
| Build / train | 18 | |
| Enter build submenu | 10 | |
| Enter hero's abilities submenu | 1 | |
| Right click | 59 | |
| Select / deselect | 93 | |
| Select group hotkey | 71 | |
| Use ability | 10 | |
273 total
» units
» buildings
| Moon Well | 3 | |
| Altar of Elders | 1 | |
| Ancient of War | 1 | |
| Hunter's Hall | 1 | |
| Ancient of Wonders | 1 | |
| Tree of Ages | 3 | |
| Ancient Protector | 1 | |
11 total
» build order
00:07 Moon Well
00:09 Altar of Elders
00:51 Ancient of War
01:48 Moon Well
02:09 Hunter's Hall
02:33 Ancient of Wonders
03:15 Tree of Ages
03:15 Tree of Ages
03:42 Moon Well
04:00 Ancient Protector
Final_dragon (
pink | 44 APM | 310 actions | 07:05)
1 Archmage
1 Summon Water Elemental
» actions
| Basic commands | 39 | |
| Build / train | 23 | |
| Enter build submenu | 12 | |
| Enter hero's abilities submenu | 1 | |
| Right click | 111 | |
| Select / deselect | 86 | |
| Use ability | 38 | |
310 total
» units
» upgrades
» buildings
| Altar of Kings | 1 | |
| Blacksmith | 1 | |
| Farm | 5 | |
| Barracks | 2 | |
| Lumber Mill | 1 | |
| Arcane Vault | 1 | |
| Town Hall | 1 | |
| Keep | 1 | |
| Tree of Ages | 1 | |
14 total
» build order
00:09 Altar of Kings
00:12 Blacksmith
00:13 Farm
00:55 Farm
02:04 Barracks
02:14 Barracks
02:33 Lumber Mill
03:16 Farm
03:27 Farm
04:12 Arcane Vault
04:58 Town Hall
05:11 Keep
05:43 Farm
05:46 Tree of Ages
team 2 (winner)

»
DaeDnU (
purple | 106 APM | 753 actions | 07:05)
3 Far Seer
2 Feral Spirit
1 Chain Lighting
» actions
| Assign group hotkey | 19 | |
| Basic commands | 42 | |
| Build / train | 25 | |
| ESC pressed | 1 | |
| Enter build submenu | 8 | |
| Enter hero's abilities submenu | 3 | |
| Right click | 414 | |
| Select / deselect | 93 | |
| Select group hotkey | 128 | |
| Use ability | 20 | |
753 total
» units
» buildings
| Altar of Storms | 1 | |
| Orc Burrow | 4 | |
| Barracks | 1 | |
| Voodoo Lounge | 1 | |
| Stronghold | 1 | |
| Beastiary | 1 | |
9 total
» build order
00:11 Altar of Storms
00:25 Orc Burrow
00:52 Barracks
01:26 Orc Burrow
02:07 Voodoo Lounge
03:36 Stronghold
04:17 Orc Burrow
05:33 Orc Burrow
06:59 Beastiary
» items
BRUCEWILLISUSA (
green | 72 APM | 510 actions | 07:06)
3 Archmage
2 Blizzard
1 Brilliance Aura
» actions
| Assign group hotkey | 28 | |
| Basic commands | 10 | |
| Build / train | 43 | |
| Enter build submenu | 13 | |
| Enter hero's abilities submenu | 3 | |
| Right click | 198 | |
| Select / deselect | 67 | |
| Select group hotkey | 116 | |
| Use ability | 32 | |
510 total
» units
» buildings
| Altar of Kings | 1 | |
| Farm | 3 | |
| Scout Tower | 5 | |
| Arcane Tower | 2 | |
| Lumber Mill | 1 | |
| Guard Tower | 2 | |
14 total
» build order
00:06 Altar of Kings
00:33 Farm
03:31 Scout Tower
04:18 Arcane Tower
05:04 Lumber Mill
05:08 Farm
05:25 Farm
05:54 Scout Tower
05:55 Scout Tower
05:59 Scout Tower
06:03 Scout Tower
06:35 Guard Tower
warfourever (
yellow | 37 APM | 263 actions | 07:06)
2 Firelord
1 Summon Lava Spawn
1 Incinerate
» actions
| Build / train | 21 | |
| Enter build submenu | 9 | |
| Enter hero's abilities submenu | 3 | |
| Right click | 121 | |
| Select / deselect | 90 | |
| Use ability | 19 | |
263 total
» units
» upgrades
» buildings
| War Mill | 1 | |
| Orc Burrow | 3 | |
| Altar of Storms | 1 | |
| Barracks | 1 | |
| Voodoo Lounge | 1 | |
| Stronghold | 1 | |
8 total
» build order
00:52 War Mill
01:03 Orc Burrow
01:30 Altar of Storms
01:46 Barracks
02:32 Voodoo Lounge
02:38 Orc Burrow
04:24 Stronghold
04:40 Orc Burrow
» items
| Lesser Clarity Potion | 2 | |
| Healing Salve | 1 | |
| Scroll of Speed | 1 | |
4 total
steve1970 (
red | 27 APM | 195 actions | 07:06)
3 Paladin
1 Holy Light
2 Devotion Aura
» actions
| Basic commands | 40 | |
| Build / train | 26 | |
| Enter build submenu | 15 | |
| Enter hero's abilities submenu | 3 | |
| Right click | 5 | |
| Select / deselect | 74 | |
| Use ability | 32 | |
195 total
» units
| Peasant | 11 | |
| Footman | 2 | |
| Rifleman | 5 | |
18 total
» upgrades
| Swords | 1 | |
| Lumber Harvesting | 1 | |
2 total
» buildings
| Altar of Kings | 1 | |
| Farm | 9 | |
| Barracks | 1 | |
| Blacksmith | 1 | |
| Lumber Mill | 1 | |
| Keep | 1 | |
| Town Hall | 1 | |
| Arcane Sanctum | 1 | |
16 total
» build order
00:22 Altar of Kings
00:38 Farm
00:53 Barracks
01:07 Farm
02:10 Blacksmith
02:16 Lumber Mill
02:36 Farm
03:09 Farm
03:26 Farm
03:31 Keep
04:02 Farm
04:16 Farm
05:08 Farm
05:40 Town Hall
05:52 Farm
06:03 Arcane Sanctum
Chat log
(00:08 / Allies) DaeDnU: oh yeah!!
(00:16 / Allies) DaeDnU: itll be ok
(00:35 / Allies) BRUCEWILLISUSA: hes a bser
(00:38 / Allies) DaeDnU: nah
(00:39 / Allies) warfourever: me?
(00:40 / Allies) BRUCEWILLISUSA: search times are like 2 seconds for him
(00:40 / Allies) DaeDnU: he has 800 games
(00:56 / Allies) warfourever: sry was playing runescape
(01:00 / Allies) DaeDnU: ew
(01:02 / Allies) BRUCEWILLISUSA: fag game
(01:04 / Allies) warfourever: \rofl
(01:06 / Allies) BRUCEWILLISUSA: what are you a 13 year old girl
(01:07 / Allies) DaeDnU: lol
(01:09 / Allies) warfourever: nah its cool
(01:12 / Allies) warfourever: if ur member
(01:22 / Allies) warfourever: this game is old as hell too
(01:28 / Allies) DaeDnU: yeah it is
(01:32 / Allies) BRUCEWILLISUSA: its trash
(01:37 / Allies) DaeDnU: i played it for like
(01:39 / Allies) DaeDnU: 5 minutes one time
(01:43 / Allies) warfourever: lol
(01:50 / Allies) warfourever: better than tibia i supose
(01:56 / Allies) warfourever: harass
(01:59 / Allies) DaeDnU: i am
(02:00 / Allies) DaeDnU: fs grunt ras
(02:06 / Allies) warfourever: lets back to the game ok
(02:07 / Allies) warfourever: lol
(02:11 / Allies) DaeDnU: yeah
(02:14 / Allies) DaeDnU: greens
(02:17 / Allies) DaeDnU: doing it big.
(02:50 / All) tuesdaynight: AGAIN?
(03:01 / Allies) warfourever: b
(03:02 / Allies) warfourever: ?
(03:50 / Allies) BRUCEWILLISUSA: what kind of an asshole techs
(03:54 / Allies) BRUCEWILLISUSA: when ur ally doe4s what i just did
(04:22 / Allies) warfourever: nice purple
(04:25 / Allies) DaeDnU: idk
(04:27 / Allies) DaeDnU: itll be ok though
(04:32 / Allies) BRUCEWILLISUSA: red you are a shit noob
(04:34 / Allies) BRUCEWILLISUSA: enjoy your free win
(04:37 / Allies) DaeDnU: haha
(04:41 / Allies) DaeDnU: LMAO
(04:42 / Allies) DaeDnU: FUCKING
(04:43 / Allies) DaeDnU: HES A COMPUTER
(04:48 / Allies) BRUCEWILLISUSA: computer(easy)
(04:48 / Allies) BRUCEWILLISUSA: yeah
(04:52 / Allies) DaeDnU: fucking
(04:53 / Allies) DaeDnU: paladin
(04:56 / Allies) DaeDnU: 2 foots and rifels
(04:56 / Allies) BRUCEWILLISUSA: i hope he was born in 1970
(04:57 / Allies) BRUCEWILLISUSA: rofl
(05:00 / Allies) BRUCEWILLISUSA: fucking old man retard
(05:08 / Allies) warfourever: b
(05:10 / Allies) DaeDnU: b
(05:37 / All) DaeDnU: aint no stopping us now
(05:39 / All) DaeDnU: we're on the moon
(05:45 / Allies) warfourever: k
(06:30 / All) DaeDnU: grunts > archers
(06:45 / All) BRUCEWILLISUSA: why are you still here, butt noob